AoeStats
← jude__88

Nomad

509634268Analyzed
2v2 RM · 5d ago on Sep 27, 2026· 42m 42s· 4 players
Game mode
Random Map
Map size
176×176
Population
200
Speed
Normal
Resources
Standard
Victory
Conquest
Starting age
Dark Age
Ending age
Imperial Age
RankedLock teamsTeams togetherTeam positionsShared explorationLock speedFull tech treeHidden civsTurbo modeCheats
Victory
Defeat
🇨🇴 Spanish · Colombia
936
+14
🇨🇿 Poles · Czechia
876
+18
🇫🇷 Britons · France
901
-45
🇨🇿 Poles · Czechia
899
-16
jude__88
13:38 Loom
16:51 Feudal Age
19:15 Wheelbarrow
18:42 Gold Mining
18:46 Stone Mining
19:04 Double-Bit Axe
19:11 Double-Bit Axe
24:10 Town Watch
24:02 Man-at-Arms
!*BlitzKrieg*!
11:48 Loom
15:50 Feudal Age
16:51 Fishing Lines
17:00 Double-Bit Axe
21:05 Castle Age
21:56 Bow Saw
25:42 Imperial Age
26:59 Gillnets
26:41 Pikeman
28:03 Scale Mail Armor
28:47 Bloodlines
30:39 Husbandry
30:00 Cavalier
30:47 Horse Collar
32:37 Forging
33:00 Scale Barding Armor
36:03 Wheelbarrow
36:47 Iron Casting
39:48 Hand Cart
juansrv
5:31 Loom
14:15 Feudal Age
15:03 Double-Bit Axe
18:52 Wheelbarrow
18:14 Horse Collar
19:05 Fishing Lines
23:20 Castle Age
23:26 Stone Mining
23:29 Gold Mining
23:43 Fletching
28:28 Hand Cart
30:23 Scale Barding Armor
30:28 Forging
30:15 Bodkin Arrow
30:35 Heavy Plow
31:38 Bloodlines
32:11 Bow Saw
33:52 Husbandry
37:56 Imperial Age
37:16 Iron Casting
36:48 Padded Archer Armor
38:38 Ballistics
38:15 Murder Holes
38:47 Chain Barding Armor
38:02 Elite Skirmisher
38:47 Thumb Ring
40:09 Blast Furnace
39:09 Bracer
39:26 Leather Archer Armor
39:09 Elite Conquistador
40:12 Conscription
40:46 Plate Barding Armor
40:01 Pikeman
40:28 Gambesons
40:43 Squires
42:32 Chemistry
BOB45
16:48 Feudal Age
17:53 Horse Collar
18:36 Bloodlines
22:57 Scale Barding Armor
25:22 Double-Bit Axe
30:53 Castle Age
28:37 Man-at-Arms
29:46 Scale Mail Armor
29:54 Loom
31:17 Long Swordsman
33:09 Chain Mail Armor
33:41 Light Cavalry
34:22 Husbandry
36:30 Heavy Plow
36:18 Pikeman
39:37 Squires
Connection lost

Rejoining the realm…

Still unreachable

The connection could not be restored.

Session expired

The server has moved on; the page needs a fresh start.